 Dungeon Crawl Stone Soup version 0.31.0-11-ge490571c62 (webtiles) character file.

Game seed: 7708205106988861876

9 browni3141 the Shooter (level 2, 22/22 HPs)
             Began as a Demonspawn Hunter on Jan 31, 2024.
             Got out of the dungeon alive.
             The game lasted 00:00:06 (262 turns).

browni3141 the Shooter (Demonspawn Hunter)           Turns: 262, Time: 00:00:07

Health: 22/22      AC:  3    Str: 11    XL:     2   Next: 3%
Magic:  2/2        EV: 12    Int:  9    God:
Gold:   7          SH:  0    Dex: 16    Spells: 1/1 levels left

rFire   . . .        a - +0 shortbow
rCold   . . .        (shield currently unavailable)
rNeg    . . .        c - +0 leather armour
rPois   .            (no helmet)
rElec   .            (no cloak)
rCorr   .            (no gloves)
SInv    .            (no boots)
Will    .....        (no amulet)
Stlth   ++           (no ring)
HPRegen 0.23/turn    (no ring)
MPRegen 0.08/turn

%: no passive effects
@: no status effects
A: demonic magic 1
a: no special abilities


You escaped.
You visited 1 branch of the dungeon, and saw 1 of its levels.

You collected 7 gold pieces.

Inventory:

Hand Weapons
 a - a +0 shortbow (weapon)
Missiles
 f - 5 boomerangs
Armour
 c - a +0 leather armour (worn)
Scrolls
 b - a scroll of butterflies
 d - a scroll of enchant armour {unknown}
Potions
 e - a potion of invisibility {unknown}


   Skills:
 + Level 2.2 Fighting
 + Level 3.7 Ranged Weapons
 + Level 2.0 Dodging
 + Level 1.2 Stealth


You had one spell level left.
You didn't know any spells.
Your spell library was empty.

Dungeon Overview and Level Annotations

Branches:
Dungeon (1/15)

Altars:


Innate Abilities, Weirdness & Mutations

Spells you cast may paralyse adjacent enemies.


Message History

A frilled lizard comes into view.
The frilled lizard hisses angrily.
A frilled lizard is nearby!
A frilled lizard is nearby!
You shoot an arrow.
The arrow closely misses the frilled lizard.
You shoot an arrow. The arrow misses the frilled lizard.
A frilled lizard is nearby!
You shoot an arrow. The arrow hits the frilled lizard!
You kill the frilled lizard!
You see here a frilled lizard corpse.
d - a scroll labelled JUORODD QOFAKA You now have 7 gold pieces.
Key pressed, stopping explore.
No target in view!
Key pressed, stopping explore.
No target in view!
A quokka comes into view.
You see here a smoky orange potion.
You shoot an arrow. The arrow hits the quokka.
You kill the quokka!
e - a smoky orange potion No target in view!
f - 5 boomerangs You see here a quokka corpse.
A rat comes into view.
You shoot an arrow. The arrow hits the rat.
You kill the rat!
A rat comes into view.
The rat squeaks loudly.
The rat twitches its whiskers.
You shoot an arrow. The arrow hits the rat.
You kill the rat!
A goblin comes into view. It is wielding a +0 dagger.
A goblin is nearby!
You shoot an arrow. The goblin shouts!
The arrow hits the goblin.
The goblin is heavily wounded.
A goblin is nearby!
You shoot an arrow. The arrow closely misses the goblin.
A goblin is nearby!
You shoot an arrow.
The arrow hits the goblin but does no damage.
The goblin is heavily wounded.
The goblin hits you with a +0 dagger. x2
A goblin is nearby!
You shoot an arrow. The arrow barely misses the goblin.
The goblin closely misses you.
A goblin is nearby!
You shoot an arrow. The arrow misses the goblin.
The goblin hits you but does no damage.
A goblin is nearby!
You shoot an arrow. The arrow closely misses the goblin.
The goblin hits you with a +0 dagger. The goblin hits you but does no damage.
A goblin is nearby!
You shoot an arrow. The arrow hits the goblin!
You kill the goblin!
HP restored.
Found a stone staircase leading down.
No target in view!
A kobold comes into view. It is wielding a +0 club.
You shoot an arrow.
The arrow hits the kobold but does no damage.
The kobold shouts!
You hear a shout!
A kobold comes into view. It is wielding a +0 club.
There are monsters nearby!
You shoot an arrow. The arrow hits the kobold.
The kobold is heavily wounded.
The kobold throws a stone.
The stone barely misses you.
There are monsters nearby!
You shoot an arrow. The arrow hits the kobold.
The kobold is severely wounded.
The kobold throws a stone.
The stone closely misses you.
There are monsters nearby!
You shoot an arrow. The arrow closely misses the kobold.
There are monsters nearby!
You shoot an arrow. The arrow completely misses the kobold.
The arrow closely misses the kobold.
The kobold completely misses you.
There are monsters nearby!
You shoot an arrow. The arrow closely misses the kobold. x2
The kobold misses you.
There are monsters nearby!
You shoot an arrow. The arrow closely misses the kobold. x2
The kobold hits you with a +0 club. The kobold closely misses you.
There are monsters nearby!
You shoot an arrow. The arrow hits the kobold.
You kill the kobold!
Your Dodging skill increases to level 2!
You have reached level 2!
Your demonic ancestry asserts itself...
A menacing aura infuses your magic.
You shoot an arrow.
The arrow hits the kobold but does no damage.
The kobold hits you with a +0 club.
You shoot an arrow. The arrow hits the kobold.
You kill the kobold!
Items here: ( )) †.
There is a staircase leading out of the dungeon here.
You have escaped!

#.# #..# #.........#
#.# #..# #.....##..#
#.# #..# ##..####..#
#.#####..# #..# #..#
#####.....#..#
#..####..#
......###....#
#........# #######
###..####.#####..#
#..##....# #..# #
#..##.@..# #..# #
#(.......# #
#............ #
#..##......... #
#..##....####.
###########..##....#
..........#..##....#
###########..###.###
#^. .#


There were no monsters in sight!

Vanquished Creatures
  A goblin (D:1)
  2 kobolds (D:1)
  2 quokkas (D:1)
  A ball python (D:1)
  A frilled lizard (D:1)
  2 rats (D:1)
9 creatures vanquished.

Notes
Turn   | Place    | Note
-------+----------+-------------------------------------------
     0 | D:1      | browni3141 the Demonspawn Hunter began the quest for the
                  | Orb.
     0 | D:1      | Reached XP level 1. HP: 16/16 MP: 1/1
     6 | D:1      | Reached skill level 1 in Stealth
   188 | D:1      | Gained mutation: Spells you cast may paralyse adjacent
                  | enemies. [demonic ancestry]
   188 | D:1      | Reached XP level 2. HP: 17/22 MP: 2/2
   262 | D:$      | Got out of the dungeon alive.

Illustrated notes

Levels and vault maps discovered:
D:1:      dpeg_arrival_boxes_within_box, layout_loops_ring, chequers_avenue

Skill      XL: |  1 |
---------------+----+-----
Stealth        | 1 |  1.2
Dodging        | 2 |  2.0
Fighting       | |  2.2
Ranged Weapons | |  3.7

Action                     || total
---------------------------++-------
   Fire: Shortbow          ||    26
 Armour: Leather armour    ||     7
  Dodge: Dodged            ||     6
